AoeStats
← Chiripa605

Arena

507265013Analyzed
4v4 RM · 14d ago on Sep 17, 2026· 47m 58s· 8 players
Game mode
Random Map
Map size
Large (8 player)
Population
200
Speed
Normal
Resources
Standard
Victory
Conquest
Starting age
Dark Age
Ending age
Imperial Age
RankedLock teamsTeams togetherTeam positionsShared explorationLock speedFull tech treeHidden civsTurbo modeCheats
Victory
Defeat
🇺🇸 Wei · United States
1264
+14
🇮🇳 Burgundians · India
1224
+15
🇲🇽 Hindustanis · Mexico
1193
+17
🇨🇳 Franks · China
1142
+19
🇩🇪 Japanese · Germany
1277
-20
🇨🇳 Persians · China
1208
-16
🇨🇳 Mapuche · China
1175
-15
🇨🇳 Byzantines · China
1166
-14
Chiripa605
10:39 Feudal Age
11:15 Double-Bit Axe
14:18 Castle Age
12:22 Horse Collar
15:11 Bow Saw
15:38 Heavy Plow
15:48 Loom
20:05 Wheelbarrow
19:46 Gold Mining
21:35 Bloodlines
23:32 Hand Cart
23:14 Stone Mining
24:36 Gold Shaft Mining
25:04 Husbandry
27:43 Stone Shaft Mining
30:11 Imperial Age
27:49 Devotion
28:47 Scale Barding Armor
30:00 Chain Barding Armor
31:33 Crop Rotation
30:30 Heavy Hei Guang Cavalry
31:37 Conscription
32:07 Forging
33:21 Ming Guang Armor
34:24 Iron Casting
34:44 Fletching
35:51 Bodkin Arrow
36:31 Thumb Ring
36:56 Ballistics
37:37 Chemistry
37:13 Padded Archer Armor
37:18 Bracer
37:54 Parthian Tactics
38:33 Leather Archer Armor
38:10 Light Cavalry
40:20 Ring Archer Armor
40:51 Blast Furnace
40:12 Tuntian
39:45 Hussar
Aczino
10:54 Feudal Age
14:53 Castle Age
13:43 Double-Bit Axe
13:46 Horse Collar
16:21 Bow Saw
VNS_FFV
2:09 Loom
12:09 Feudal Age
17:45 Castle Age
16:00 Double-Bit Axe
15:57 Horse Collar
17:04 Gold Mining
18:15 Bow Saw
18:06 Heavy Plow
18:46 Wheelbarrow
24:20 Two-Man Saw
30:20 Imperial Age
29:06 Hand Cart
29:23 Crop Rotation
29:30 Gold Shaft Mining
32:28 Chemistry
31:20 Fletching
31:31 Padded Archer Armor
30:57 Light Cavalry
31:13 Elite Skirmisher
32:10 Scale Barding Armor
32:54 Conscription
32:08 Hussar
33:06 Forging
34:19 Chain Barding Armor
36:31 Iron Casting
37:47 Husbandry
39:07 Blast Furnace
39:38 Plate Barding Armor
39:03 Bodkin Arrow
42:46 Stone Mining
42:44 Town Watch
43:01 Bracer
43:17 Leather Archer Armor
43:25 Bombard Tower
44:59 Cavalier
1627714649
10:20 Feudal Age
14:00 Castle Age
14:23 Wheelbarrow
14:38 Double-Bit Axe
16:37 Bow Saw
22:51 Gold Mining
22:54 Stone Mining
24:45 Gold Shaft Mining
26:32 Hand Cart
26:03 Loom
30:05 Imperial Age
27:53 Scale Barding Armor
27:58 Forging
28:56 Chain Barding Armor
29:50 Iron Casting
28:49 Pikeman
29:29 Squires
29:15 Arson
30:11 Husbandry
31:51 Plate Barding Armor
32:18 Blast Furnace
31:22 Chivalry
31:42 Conscription
30:45 Cavalier
31:56 Paladin
33:27 Scale Mail Armor
33:18 Fletching
35:33 Chain Mail Armor
35:14 Bodkin Arrow
37:32 Plate Mail Armor
37:05 Halberdier
siggi7
10:55 Feudal Age
11:59 Double-Bit Axe
12:37 Stone Mining
15:20 Castle Age
13:31 Horse Collar
14:07 Loom
15:04 Town Watch
嘿,延边!
11:00 Feudal Age
11:38 Double-Bit Axe
14:27 Castle Age
12:13 Horse Collar
15:23 Bow Saw
15:29 Heavy Plow
22:53 Wheelbarrow
24:02 Hand Cart
23:36 Town Watch
25:04 Gold Mining
26:41 Gold Shaft Mining
26:07 Loom
29:53 Imperial Age
27:48 Town Patrol
28:21 Husbandry
28:31 Bloodlines
28:23 Stone Mining
30:15 Scale Barding Armor
30:20 Forging
29:34 Heavy Camel Rider
30:59 Stone Shaft Mining
32:18 Chemistry
32:20 Chain Barding Armor
32:35 Iron Casting
33:42 Two-Man Saw
33:14 Crop Rotation
32:21 Cavalier
33:39 Conscription
36:01 Plate Barding Armor
36:26 Blast Furnace
40:06 Elite Skirmisher
40:50 Padded Archer Armor
40:40 Fletching
40:43 Savar
41:17 Savar
42:39 Bodkin Arrow
42:59 Leather Archer Armor
koyomi
9:56 Feudal Age
10:56 Horse Collar
11:04 Double-Bit Axe
16:53 Castle Age
18:08 Bow Saw
21:30 Loom
22:36 Heavy Plow
21:57 Pikeman
22:00 Elite Skirmisher
22:31 Gold Mining
25:47 Wheelbarrow
25:23 Town Watch
27:09 Hand Cart
32:38 Imperial Age
30:33 Ballistics
30:28 Stone Mining
31:13 Gold Shaft Mining
31:07 Scale Mail Armor
31:17 Forging
31:04 Fletching
31:15 Padded Archer Armor
31:58 Bodkin Arrow
32:38 Iron Casting
32:19 Chain Mail Armor
32:17 Malon
33:11 Stone Shaft Mining
33:01 Leather Archer Armor
32:48 Elite Bolas Rider
33:54 Conscription
34:06 Butalmapu
33:48 Halberdier
35:21 Plate Mail Armor
35:51 Blast Furnace
36:23 Hoardings
36:30 Ring Archer Armor
37:14 Crop Rotation
39:00 Chemistry
37:45 Arrowslits
Gaody
9:53 Feudal Age
10:52 Loom
15:01 Castle Age
13:32 Double-Bit Axe
24:29 Wheelbarrow
24:27 Horse Collar
25:30 Bow Saw
29:07 Imperial Age
26:46 Gold Mining
26:50 Stone Mining
27:08 Scale Barding Armor
27:39 Forging
28:24 Gold Shaft Mining
28:37 Treadmill Crane
29:28 Chain Barding Armor
29:27 Heavy Plow
31:04 Chemistry
30:48 Iron Casting
30:49 Conscription
30:46 Husbandry
31:18 Hand Cart
31:14 Fletching
31:48 Ballistics
32:55 Plate Barding Armor
34:03 Stone Shaft Mining
33:42 Logistica
33:10 Light Cavalry
34:01 Pikeman
34:41 Squires
34:06 Capped Ram
35:12 Halberdier
35:55 Scale Mail Armor
35:51 Bodkin Arrow
38:39 Fortified Wall
38:16 Elite Cataphract
40:53 Two-Man Saw
40:50 Elite Skirmisher
41:37 Thumb Ring
42:15 Murder Holes
45:05 Bracer
45:06 Padded Archer Armor
Connection lost

Rejoining the realm…

Still unreachable

The connection could not be restored.

Session expired

The server has moved on; the page needs a fresh start.